 Dungeon Crawl Stone Soup version 0.29-a0-8-g0446c0dae4 (console) character file.

Game seed: 3387765855302402759

4 Melian the Skirmisher (level 1, 0/20 HPs)
             Began as a Minotaur Berserker on Jan 27, 2022.
             Was a Follower of Trog.
             Slain by a jackal (3 damage)
             ... on level 1 of the Dungeon.
             The game lasted 00:00:25 (142 turns).

Melian the Skirmisher (Minotaur Berserker)           Turns: 142, Time: 00:00:27

Health: 0/20       AC:  2    Str: 21    XL:     1   Next: 58%
Magic:  0/0        EV: 12    Int:  4    God:    Trog [*.....]
Gold:   22         SH:  0    Dex:  9    Spells: 0/0 levels left

rFire   . . .      SeeInvis .   a - +0 hand axe
rCold   . . .      Faith    .   (no shield)
rNeg    . . .      Spirit   .   b - +0 animal skin
rPois   .          Reflect  .   (helmet restricted)
rElec   .          Harm     .   (no cloak)
rCorr   .          Rampage  .   (no gloves)
Will    .....                   (no boots)
Stlth   +.........              (no amulet)
HPRegen 0.06/turn               (no ring)
MPRegen 0.07/turn               (no ring)

@: no status effects
A: horns 2, retaliatory headbutt
a: Renounce Religion, Berserk


You were on level 1 of the Dungeon.
You worshipped Trog.
Trog was aware of your devotion.
You visited 1 branch of the dungeon, and saw 1 of its levels.

You collected 22 gold pieces.

Inventory:

Hand Weapons
 a - a +0 hand axe (weapon)
Armour
 b - a +0 animal skin (worn)
 d - a +0 ring mail
Potions
 c - a potion of brilliance {unknown}


   Skills:
 + Level 3.8 Fighting
 + Level 3.7 Axes
 - Level 2.5 Armour
 - Level 2.2 Dodging


You couldn't memorise any spells.
You didn't know any spells.
Your spell library was empty.

Dungeon Overview and Level Annotations

Branches:
Dungeon (1/15)

Altars:


Innate Abilities, Weirdness & Mutations

You have a pair of horns on your head.
You reflexively headbutt those who attack you in melee.


Message History

3 jackals and an endoplasm come into view.
The jackal barks! x2
The endoplasm quivers.
The jackal barks!
The hobgoblin misses you. The kobold hits you with a +0 whip.
You hit the kobold.
You headbutt the kobold, but do no damage.
The kobold is severely wounded.
You hit the hobgoblin. x2
The hobgoblin hits you but does no damage.
The hobgoblin barely misses you. You furiously retaliate!
You headbutt the hobgoblin!
You kill the hobgoblin!
Trog accepts your kill. The kobold hits you with a +0 whip.
The jackal closely misses you.
A quokka comes into view.
You barely miss the kobold. Your headbutt misses the kobold.
The kobold is severely wounded.
You miss the jackal. You hit the hobgoblin.
The jackal bites you but does no damage.
The hobgoblin hits you. The kobold hits you with a +0 whip.
You barely miss the kobold.
The kobold is severely wounded.
You closely miss the hobgoblin. You closely miss the jackal.
You barely miss the jackal. The jackal bites you. The jackal misses you.
The hobgoblin hits you but does no damage.
The kobold hits you with a +0 whip.
* * * LOW HITPOINT WARNING * * *
The jackal barely misses you. You furiously retaliate!
You headbutt the jackal!
You kill the jackal!
Trog accepts your kill.
You hit the kobold.
You kill the kobold!
Trog accepts your kill.
You hit the hobgoblin. You barely miss the jackal.
The quokka twitches its whiskers.
The hobgoblin hits you.
* * * LOW HITPOINT WARNING * * *
The jackal completely misses you. The jackal bites you.
* * * LOW HITPOINT WARNING * * *
The jackal bites you.
You die...

#.#.....#...#...#.....##.##
# #.....##.....##.....#..#
#....#..#...#..#....####
#...#....#.#....#...#
#..#......#......#..#
#.#......#.#......#.#
##..........#......##
#########.## # #..#
##.##.##h#####.
#.....†@hJ.r....
.......hg.......
#...............
##.......#####.. #.......#
. #.......# #.......#
.....####


You could see an endoplasm, a quokka, 3 jackals and a hobgoblin.

Vanquished Creatures
  An endoplasm (D:1)
  A hobgoblin (D:1)
  A jackal (D:1)
  A kobold (D:1)
  A bat (D:1)
5 creatures vanquished.

Notes
Turn   | Place    | Note
-------+----------+-------------------------------------------
     0 | D:1      | Melian the Minotaur Berserker began the quest for the Orb.
     0 | D:1      | Reached XP level 1. HP: 19/19 MP: 0/0
   142 | D:1      | Slain by a jackal

Illustrated notes

Levels and vault maps discovered:
D:1:      matt_arrival_diagonals, layout_loops_cross,
          shapermc_ecumenical_altar_venn

Action                   || total
-------------------------++-------
Melee: Hand axe          ||     6
       Headbutt          ||     1
Armor: Animal skin       ||     4
Dodge: Dodged            ||     8

Table legend: (Time is in decaauts)
 A = Elapsed time spent in this place.
 B = Non-inter-level travel time spent in this place.
 C = Inter-level travel time spent in this place.
 D = Time resting spent in this place.
 E = Time spent auto-exploring this place.
 F = Levels seen in this place.
 G = Mean time per level.
                   A        B        C        D        E       F      G
               +--------+--------+--------+--------+--------+-----+--------+
         Total |    142 |    142 |      0 |      0 |    104 |   1 |  142.0 |
       Dungeon |    142 |    142 |      0 |      0 |    104 |   1 |  142.0 |
               +--------+--------+--------+--------+--------+-----+--------+

Top non-repeatable levels by time:
     D:1: 142 daAuts
